 Dungeon Crawl Stone Soup version 0.15-a0-1854-g6489380 (webtiles) character file.

105 Moloch the Grave Robber (level 4, -2/30 HPs)
             Began as a Vampire Necromancer on July 3, 2014.
             Slain by Grinder (5 damage)
             ... on Level 3 of the Dungeon.
             The game lasted 00:25:00 (3103 turns).

Moloch the Grave Robber (Vampire Necromancer)       Turns: 3103, Time: 00:25:00

HP  -2/30        AC 12     Str  7      XL: 4   Next: 53%
MP   2/7         EV  0     Int 18      God:
Gold 93          SH  3     Dex 12      Spells:  2 memorised,  5 levels left

rFire  . . .     SeeInvis +     j - +0 dagger (curse)
rCold  . . .     Clarity  .     m - +0 chain mail
rNeg   . . .     rCorr    .     f - +0 buckler
rPois  +         rRot     .     (no helmet)
rElec  .         Spirit   .     (no cloak)
SustAb .         Warding  .     (no gloves)
rMut   .         Stasis   .     (no boots)
Gourm  .                        (no amulet)
MR     +....                    i - ring of poison resistance
                                h - cursed +4 ring of protection

@: very slightly contaminated, regenerating quickly, somewhat resistant to
hostile enchantments, extremely unstealthy
A: fangs 3, see invisible, clumsy 1, deterioration 1, magic resistance 1,
unbreathing, evolution 1
a: no special abilities


You were on level 3 of the Dungeon.
You were very full.

You visited 1 branch of the dungeon, and saw 3 of its levels.

You collected 93 gold pieces.

Inventory:

Hand weapons
 e - a +0 mace
 j - a cursed +0 dagger (weapon)
 l - a +0 club
Missiles
 d - 14 arrows of flame
Armour
 a - a +0 robe
 f - a +0 buckler (worn)
 m - a +0 chain mail (worn)
Jewellery
 g - an uncursed ring of teleport control
 h - a cursed +4 ring of protection (left hand)
 i - a ring of poison resistance (right hand)
 k - a +2 ring of dexterity
Potions
 c - a potion of cure mutation {unknown}
Books
 b - a book of Necromancy

   Spells                             Type                      Level
   *Pain                              Necromancy                   1
   *Animate Skeleton                  Necromancy                   1
   Vampiric Draining                  Necromancy                   3
   Regeneration                       Charms/Necromancy            3
   Animate Dead                       Necromancy                   4
   Control Undead                     Necromancy                   4


   Skills:
 - Level 0.1 Fighting
 - Level 2.5 Dodging
 - Level 3.0 Stealth
 - Level 0.2 Unarmed Combat
 - Level 2.1 Spellcasting
 * Level 6.3 Necromancy


You had 5 spell levels left.
You knew the following spells:

 Your Spells              Type           Power        Failure   Level  Hunger
a - Pain                  Necr           ###.         100%        1    #......
b - Animate Skeleton      Necr           N/A          100%        1    #......


Dungeon Overview and Level Annotations

Branches:
Dungeon (3/15)

Altars:

Annotations:
D:3 Grinder


Innate Abilities, Weirdness & Mutations

Your natural rate of healing is unusually fast.
You have razor-sharp teeth.*
You have supernaturally acute eyesight.
You can survive without breathing.*
You are clumsy. (Dex -2)
Your body is slowly deteriorating.
You are resistant to hostile enchantments.
You evolve.


Message History

Grinder gestures at you. You resist with almost no effort.
The adder bites you but does no damage.
Grinder gestures.
Grinder blinks!
You feel sick. The adder bites you but does no damage.
You feel sick.
You are no longer poisoned.
Grinder gestures.
Grinder blinks!
Grinder gestures.
Grinder blinks!
The adder bites you but does no damage.
Found a scroll of identify.
Grinder gestures at you. You resist with almost no effort. Grinder hits you.
* * * LOW HITPOINT WARNING * * *
You writhe in agony.
You die...

#.# #.# #K## #.#
...####.#. ######..
##.......#. .........
...... #.#. .........#
#...###.). .......#.#
#..#.K<.. .......#?#
#..#.....
#......5#.#######........
........@S....K..........
####......######...#.....
#####..# #......#### #..#
#...#### .... #....
...... ...$.## #......
###### ########


You could see Grinder, an adder and a kobold.

Vanquished Creatures
  4 gnolls
  3 worms (D:2)
  2 giant geckos
  4 giant cockroaches
  5 goblins
  7 hobgoblins
  5 jackals
  2 kobolds
  2 bats (D:1)
  3 giant newts
  2 rats
39 creatures vanquished.

Vanquished Creatures (collateral kills)
  An ooze (D:3)
  An orc (D:3)
  2 hobgoblins
  2 kobolds (D:1)
  A bat (D:2)
  A giant newt (D:1)
  A goblin (D:1)
  2 rats
11 creatures vanquished.

Vanquished Creatures (others)
  2 giant newt skeletons
  A gnoll skeleton (D:3)
  A goblin skeleton (D:2)
  2 jackal skeletons
  2 kobold skeletons (D:1)
8 creatures vanquished.

Grand Total: 58 creatures vanquished

Notes
Turn   | Place    | Note
--------------------------------------------------------------
     0 | D:1      | Moloch, the Vampire Necromancer, began the quest for the Orb.
     0 | D:1      | Reached XP level 1. HP: 13/13 MP: 3/3
     2 | D:1      | Learned a level 1 spell: Animate Skeleton
   626 | D:1      | Reached XP level 2. HP: 17/19 MP: 2/4
   829 | D:1      | Gained mutation: You evolve. [potion of mutation]
   829 | D:1      | Gained mutation: You are clumsy. (Dex -2) [potion of mutation]
   829 | D:1      | Gained mutation: Your body is slowly deteriorating. [potion of mutation]
  1180 | D:1      | Reached skill level 5 in Necromancy
  1652 | D:2      | Reached XP level 3. HP: 22/24 MP: 4/6
  2288 | D:2      | Gained mutation: You are resistant to hostile enchantments. [evolution]
  2681 | D:3      | Reached XP level 4. HP: 26/30 MP: 2/7
  2711 | D:2      | Reached skill level 6 in Necromancy
  3066 | D:3      | Noticed Grinder
  3069 | D:3      | Paralysed by Grinder for 7 turns
  3103 | D:3      | Slain by Grinder

Action                   |  1- 3 |  4- 6 || total
-------------------------+-------+-------++-------
Melee: Unarmed           |    33 |       ||    33
       Mace              |    35 |       ||    35
       Dagger            |    46 |     4 ||    50
 Cast: Pain              |    33 |    14 ||    47
       Animate Skeleton  |     9 |     1 ||    10
  Use: Scroll            |     5 |     1 ||     6
       Potion            |     5 |       ||     5
 Stab: Sleeping          |     2 |       ||     2
